 Dungeon Crawl Stone Soup version 0.24.1-14-gf8d2b509d9 (webtiles) character file.

Game seed: 964361003775250083, levelgen mode: deterministic

12 Chiseanne the Cudgeler (level 2, 0/29 HPs)
             Began as a Gnoll Wanderer on May 31, 2020.
             Slain by a hobgoblin (3 damage)
             ... on level 2 of the Dungeon.
             The game lasted 00:00:45 (163 turns).

Chiseanne the Cudgeler (Gnoll Wanderer)              Turns: 163, Time: 00:00:45

Health: 0/29       AC:  2    Str: 15    XL:     2   Next: 33%
Magic:  2/2        EV: 11    Int: 13    God:
Gold:   0          SH:  0    Dex: 14    Spells: 1/1 levels left

rFire    . . .     SeeInvis .   a - +2 mace
rCold    . . .     Gourm    .   (no shield)
rNeg     . . .     Faith    .   c - +0 robe
rPois    .         Spirit   .   (no helmet)
rElec    .         Reflect  .   (no cloak)
rCorr    .         Harm     .   (no gloves)
MR       .....                  (no boots)
Stlth    +++.......             (no amulet)
HPRegen  0.09/turn              (no ring)
MPRegen  0.08/turn              (no ring)

@: lethally poisoned (0 -> -3)
A: distributed training, fangs 1, strong nose
a: no special abilities


You were on level 2 of the Dungeon.
You were not hungry.

You visited 1 branch of the dungeon, and saw 3 of its levels.

Inventory:

Hand Weapons
 a - a +2 mace (weapon)
Armour
 c - a +0 robe (worn)
Scrolls
 d - a scroll of identify {unknown}
 e - a scroll of amnesia {unknown}
Potions
 b - 2 potions of curing
Comestibles
 f - a ration


   Skills:
 + Level 6.4 Fighting
 + Level 0.3 Short Blades
 + Level 0.3 Long Blades
 + Level 0.3 Axes
 + Level 6.4 Maces & Flails
 + Level 2.4 Polearms
 + Level 0.3 Staves
 + Level 0.3 Slings
 + Level 0.3 Bows
 + Level 0.3 Crossbows
 + Level 0.3 Throwing
 + Level 0.3 Armour
 + Level 0.3 Dodging
 + Level 5.9 Stealth
 + Level 0.3 Shields
 + Level 0.3 Unarmed Combat
 + Level 0.3 Spellcasting
 + Level 0.2 Conjurations
 + Level 0.2 Hexes
 + Level 0.2 Charms
 + Level 0.2 Summonings
 + Level 0.2 Necromancy
 + Level 0.2 Translocations
 + Level 0.2 Transmutations
 + Level 0.2 Fire Magic
 + Level 0.2 Ice Magic
 + Level 0.2 Air Magic
 + Level 0.2 Earth Magic
 + Level 0.2 Poison Magic
 + Level 0.4 Invocations
 + Level 0.3 Evocations


You had one spell level left.
You didn't know any spells.
Your spell library was empty.

Dungeon Overview and Level Annotations

Branches:
Dungeon (3/15)

Altars:

Annotations:
D:2 Sigmund


Innate Abilities, Weirdness & Mutations

Your experience applies equally to all skills.
You have very sharp teeth.
Your uncanny sense of smell can sniff out nearby items.


Message History

You feel sick.
The orc shouts!
The giant cockroach closely misses you.
The hobgoblin hits you but does no damage.
The giant cockroach barely misses you.
Found 15 gold pieces.
You see here a bat corpse.
An orc comes into view. It is wielding a +0 dagger.
The hobgoblin misses you.
There is a stone staircase leading up here.
You feel sick. The giant cockroach barely misses you. The hobgoblin hits you.
* * * LOW HITPOINT WARNING * * *
You climb upwards.
Level annotation: Sigmund
Found a scroll labeled RUYCKO GITHU.
There is a stone staircase leading down here.
You barely miss the giant cockroach.
* * * LOW HITPOINT WARNING * * *
You feel sick. The giant cockroach misses you. The hobgoblin hits you.
You die...

#########
......s@#
#######g#
#.# #.#
#.# #.#
#.# ..?


You could see a giant cockroach and a hobgoblin.

Vanquished Creatures
  An adder (D:3)
  A goblin (D:2)
  A hobgoblin (D:1)
  A bat (D:3)
4 creatures vanquished.

Notes
Turn   | Place    | Note
-------+----------+-------------------------------------------
     0 | D:1      | Chiseanne the Gnoll Wanderer began the quest for the Orb.
     0 | D:1      | Chiseanne set off with the following items: a +2 mace, 2
                  | potions of curing, a +0 robe, a +0 dagger, a ration
     0 | D:1      | Reached XP level 1. HP: 23/23 MP: 1/1
   123 | D:2      | Noticed Sigmund
   150 | D:3      | Reached XP level 2. HP: 18/29 MP: 2/2
   163 | D:2      | Slain by a hobgoblin

Levels and vault maps discovered:
D:1:      dpeg_arrival_simpleton_b, layout_rooms
D:2:      layout_loops_ring, makhleb_altar_promises_db,
          lemuel_coloured_pillars_altar, minmay_lizard_pond, uniq_sigmund
D:3:      minmay_angry_zag, layout_basic, first_ration, uniq_terence

Action                   || total
-------------------------++-------
Melee: Mace              ||    18
       Bite              ||     3
Armor: Robe              ||    12
Dodge: Dodged            ||    26
